2037 views
Uploaded 2023-08-15 01:56:42
Game version 1.36 (6115)
49:46 long 3on3 ladder game on (6)UpperKingdom
Saved by GIGA
2037 views
Uploaded 2023-08-15 01:56:42
Game version 1.36 (6115)
49:46 long 3on3 ladder game on (6)UpperKingdom


136 units @ 17k
/ 3.2k
168 buildings @ 14.1k
/ 7k




| Peasant | 15 | 1125 | / | 0 |
| Dragonhawk Rider | 11 | 2200 | / | 330 |
| Mortar Team | 13 | 2340 | / | 910 |
| Gryphon Rider | 11 | 3080 | / | 770 |
| total: | 50 | 8745g | / | 2010w |
| Scout Tower | 74 | 2220 | / | 1480 |
| Arcane Tower | 7 | 490 | / | 350 |
| Guard Tower | 25 | 1750 | / | 1250 |
| Altar of Kings | 1 | 180 | / | 50 |
| Farm | 12 | 960 | / | 240 |
| Lumber Mill | 1 | 120 | / | 0 |
| Blacksmith | 1 | 140 | / | 60 |
| Arcane Vault | 1 | 130 | / | 30 |
| Barracks | 1 | 160 | / | 60 |
| Cannon Tower | 7 | 840 | / | 700 |
| Arcane Sanctum | 2 | 300 | / | 280 |
| Gryphon Aviary | 4 | 560 | / | 600 |
| Workshop | 1 | 140 | / | 140 |
| Keep | 1 | 320 | / | 210 |
| Castle | 1 | 360 | / | 210 |
| total: | 98 | 4910g | / | 2940w |
| 0:04 | Peasant |
| 0:04 | Peasant |
| 0:07 | Altar of Kings |
| 0:10 | Farm |
| 0:11 | Farm |
| 0:21 | Peasant |
| 1:06 | Peasant |
| 1:13 | Peasant |
| 1:23 | Lumber Mill |
| 1:26 | Scout Tower |
| 1:27 | Peasant |
| 1:28 | Peasant |
| 1:47 | Peasant |
| 1:51 | Arcane Tower |
| 1:53 | Scout Tower |
| 2:03 | Peasant |
| 2:03 | Peasant |
| 2:16 | Peasant |
| 2:23 | Storm Bolt |
| 3:05 | Scout Tower |
| 3:06 | Scout Tower |
| 3:07 | Scout Tower |
| 3:07 | Scout Tower |
| 3:09 | Scout Tower |
| 3:10 | Scout Tower |
| 3:11 | Scout Tower |
| 3:11 | Scout Tower |
| 3:14 | Scout Tower |
| 3:14 | Scout Tower |
| 3:15 | Scout Tower |
| 3:16 | Scout Tower |
| 3:19 | Peasant |
| 3:19 | Peasant |
| 3:19 | Peasant |
| 3:20 | Guard Tower |
| 3:49 | Guard Tower |
| 3:53 | Scout Tower |
| 3:58 | Improved Lumber Harvesting |
| 4:02 | Farm |
| 4:18 | Keep |
| 4:21 | Improved Masonry |
| 4:25 | Guard Tower |
| 4:27 | Scout Tower |
| 4:29 | Scout Tower |
| 4:33 | Scout Tower |
| 4:35 | Scout Tower |
| 4:44 | Bash |
| 4:58 | Scout Tower |
| 5:02 | Scout Tower |
| 5:03 | Scout Tower |
| 5:03 | Scout Tower |
| 5:07 | Scout Tower |
| 5:08 | Scout Tower |
| 5:09 | Scout Tower |
| 5:09 | Scout Tower |
| 5:12 | Scout Tower |
| 5:12 | Scout Tower |
| 5:13 | Scout Tower |
| 5:15 | Scout Tower |
| 5:16 | Scout Tower |
| 5:17 | Scout Tower |
| 5:27 | Guard Tower |
| 5:35 | Scout Tower |
| 5:35 | Scout Tower |
| 5:36 | Scout Tower |
| 5:37 | Scout Tower |
| 5:37 | Scout Tower |
| 5:39 | Scout Tower |
| 5:42 | Scout Tower |
| 5:43 | Scout Tower |
| 5:43 | Scout Tower |
| 5:45 | Scout Tower |
| 5:45 | Scout Tower |
| 5:48 | Guard Tower |
| 5:52 | Guard Tower |
| 6:08 | Arcane Tower |
| 6:08 | Guard Tower |
| 6:10 | Arcane Tower |
| 6:13 | Scout Tower |
| 6:15 | Scout Tower |
| 6:18 | Scout Tower |
| 6:19 | Scout Tower |
| 6:19 | Scout Tower |
| 6:26 | Guard Tower |
| 6:32 | Guard Tower |
| 6:58 | Guard Tower |
| 7:00 | Guard Tower |
| 7:11 | Guard Tower |
| 7:15 | Castle |
| 7:18 | Advanced Masonry |
| 7:26 | Guard Tower |
| 7:35 | Blacksmith |
| 8:06 | Holy Light |
| 8:22 | Arcane Tower |
| 8:28 | Arcane Sanctum |
| 8:33 | Arcane Sanctum |
| 8:35 | Guard Tower |
| 8:46 | Gryphon Aviary |
| 8:51 | Black Gunpowder |
| 9:07 | Storm Bolt |
| 9:28 | Scout Tower |
| 9:29 | Scout Tower |
| 9:30 | Scout Tower |
| 9:32 | Scout Tower |
| 9:32 | Scout Tower |
| 9:33 | Scout Tower |
| 9:37 | Scout Tower |
| 9:39 | Scout Tower |
| 9:39 | Scout Tower |
| 9:40 | Scout Tower |
| 9:41 | Scout Tower |
| 9:44 | Guard Tower |
| 9:48 | Magic Sentry |
| 9:58 | Imbued Masonry |
| 10:03 | Farm |
| 10:08 | Arcane Vault |
| 10:16 | Peasant |
| 10:22 | Guard Tower |
| 10:44 | Guard Tower |
| 10:48 | Arcane Tower |
| 11:18 | Scout Tower |
| 11:21 | Scout Tower |
| 11:22 | Scout Tower |
| 11:23 | Scout Tower |
| 11:24 | Scout Tower |
| 11:27 | Cloud |
| 12:17 | Arcane Tower |
| 12:19 | Guard Tower |
| 12:25 | Scout Tower |
| 12:26 | Scout Tower |
| 12:26 | Scout Tower |
| 12:35 | Dragonhawk Rider |
| 12:35 | Dragonhawk Rider |
| 13:03 | Workshop |
| 13:10 | Farm |
| 13:15 | Guard Tower |
| 13:17 | Guard Tower |
| 13:27 | Guard Tower |
| 13:32 | Guard Tower |
| 13:40 | Scout Tower |
| 13:42 | Guard Tower |
| 14:05 | Cannon Tower |
| 14:09 | Scout Tower |
| 14:12 | Cannon Tower |
| 14:21 | Cannon Tower |
| 14:25 | Scout Tower |
| 14:53 | Cannon Tower |
| 14:55 | Scout Tower |
| 15:03 | Cannon Tower |
| 15:07 | Dragonhawk Rider |
| 15:08 | Dragonhawk Rider |
| 15:22 | Cannon Tower |
| 15:33 | Flare |
| 15:55 | Arcane Tower |
| 15:57 | Scout Tower |
| 16:57 | Guard Tower |
| 17:00 | Scout Tower |
| 17:40 | Siphon Mana |
| 17:49 | Farm |
| 17:50 | Farm |
| 19:54 | Mortar Team |
| 19:54 | Mortar Team |
| 19:54 | Mortar Team |
| 19:55 | Fragmentation Shards |
| 22:01 | Refined Gunpowder |
| 22:28 | Wind Walk |
| 23:41 | Dragonhawk Rider |
| 23:41 | Dragonhawk Rider |
| 23:43 | Imbued Gunpowder |
| 24:28 | Studded Leather Armor |
| 24:30 | Barracks |
| 28:43 | Dragonhawk Rider |
| 28:43 | Dragonhawk Rider |
| 28:45 | Animal War Training |
| 28:46 | Reinforced Leather Armor |
| 28:52 | Mortar Team |
| 28:56 | Farm |
| 28:57 | Farm |
| 29:43 | Mortar Team |
| 29:43 | Mortar Team |
| 30:09 | Mortar Team |
| 30:37 | Cannon Tower |
| 30:38 | Guard Tower |
| 31:27 | Dragonhide Armor |
| 32:24 | Holy Light |
| 32:27 | Bash |
| 33:12 | Flame Strike |
| 33:23 | Holy Light |
| 35:54 | Divine Shield |
| 36:31 | Mortar Team |
| 36:31 | Mortar Team |
| 36:31 | Mortar Team |
| 36:31 | Mortar Team |
| 38:07 | Dragonhawk Rider |
| 38:08 | Dragonhawk Rider |
| 38:08 | Dragonhawk Rider |
| 38:10 | Mortar Team |
| 38:10 | Mortar Team |
| 38:48 | Siphon Mana |
| 39:24 | Storm Bolt |
| 39:55 | Brilliance Aura |
| 46:01 | Flame Strike |
| 46:30 | Holy Light |
| 47:57 | Gryphon Rider |
| 47:57 | Gryphon Rider |
| 47:57 | Gryphon Rider |
| 47:57 | Gryphon Rider |
| 47:58 | Gryphon Rider |
| 48:01 | Farm |
| 48:06 | Gryphon Aviary |
| 48:09 | Gryphon Aviary |
| 48:10 | Gryphon Aviary |
| 48:33 | Gryphon Rider |
| 48:33 | Gryphon Rider |
| 48:38 | Farm |
| 48:42 | Gryphon Rider |
| 48:42 | Gryphon Rider |
| 48:58 | Farm |
| 49:15 | Gryphon Rider |
| 49:15 | Gryphon Rider |
| 49:20 | Iron Forged Swords |
| Right click | 2248 |
| Select group | 2005 |
| Select | 670 |
| Build/train/purchase | 149 |
| Chat | 119 |
| Use ability | 88 |
| Resource trade | 56 |
| Minimap ping | 41 |
| Assign group | 22 |
| Misc. action | 15 |
| Esc | 7 |
| Item give/drop | 2 |
Cabeelibob
(194)
(49:43) : 


| Lesser Clarity Potion | 2 | 140 |
| Healing Salve | 4 | 400 |
| Potion of Healing | 2 | 300 |
| total: | 8 | 840g |
| Peon | 23 | 1725 | / | 0 |
| Troll Witch Doctor | 10 | 1450 | / | 250 |
| Shaman | 1 | 130 | / | 20 |
| total: | 34 | 3305g | / | 270w |
| Watch Tower | 2 | 220 | / | 160 |
| Altar of Storms | 2 | 360 | / | 100 |
| Orc Burrow | 4 | 640 | / | 160 |
| War Mill | 1 | 205 | / | 0 |
| Voodoo Lounge | 3 | 390 | / | 90 |
| Great Hall | 7 | 2695 | / | 1295 |
| Spirit Lodge | 1 | 150 | / | 150 |
| Stronghold | 1 | 315 | / | 190 |
| Fortress | 1 | 325 | / | 190 |
| total: | 20 | 4660g | / | 1955w |
| 0:04 | Altar of Storms |
| 0:10 | Peon |
| 0:10 | Peon |
| 0:17 | Peon |
| 0:31 | Orc Burrow |
| 0:33 | Peon |
| 0:58 | War Mill |
| 1:29 | Orc Burrow |
| 1:31 | Peon |
| 1:54 | Voodoo Lounge |
| 1:57 | Voodoo Lounge |
| 1:58 | Peon |
| 1:58 | Peon |
| 2:04 | Peon |
| 2:10 | Peon |
| 2:16 | Peon |
| 2:22 | Wind Walk |
| 2:44 | Peon |
| 2:44 | Peon |
| 3:25 | Lesser Clarity Potion |
| 3:40 | Healing Salve |
| 3:40 | Lesser Clarity Potion |
| 3:40 | Healing Salve |
| 3:48 | Watch Tower |
| 3:49 | Watch Tower |
| 6:47 | Great Hall |
| 7:35 | Critical Strike |
| 8:35 | Voodoo Lounge |
| 9:42 | Stronghold |
| 9:55 | Healing Salve |
| 11:17 | Great Hall |
| 12:20 | Altar of Storms |
| 13:30 | Critical Strike |
| 14:42 | Spirit Lodge |
| 16:13 | Witch Doctor Adept Training |
| 16:15 | Orc Burrow |
| 17:10 | Fortress |
| 17:23 | Troll Witch Doctor |
| 17:45 | Orc Burrow |
| 19:47 | Witch Doctor Master Training |
| 19:48 | Troll Witch Doctor |
| 19:48 | Troll Witch Doctor |
| 19:48 | Troll Witch Doctor |
| 19:48 | Troll Witch Doctor |
| 21:27 | Great Hall |
| 22:50 | Wind Walk |
| 23:41 | Great Hall |
| 23:57 | Great Hall |
| 26:44 | Peon |
| 26:44 | Peon |
| 26:44 | Peon |
| 26:44 | Peon |
| 26:47 | Peon |
| 26:47 | Peon |
| 26:47 | Peon |
| 26:48 | Peon |
| 26:48 | Peon |
| 27:26 | Critical Strike |
| 28:04 | Peon |
| 28:04 | Peon |
| 29:40 | Great Hall |
| 33:03 | Bladestorm |
| 34:08 | Great Hall |
| 36:48 | Troll Witch Doctor |
| 36:48 | Troll Witch Doctor |
| 36:48 | Troll Witch Doctor |
| 36:49 | Troll Witch Doctor |
| 38:54 | Mirror Image |
| 41:03 | Shaman |
| 41:05 | Troll Witch Doctor |
| 45:15 | Mirror Image |
| 47:17 | Endurance Aura |
| 48:06 | Life Drain |
| 49:32 | Potion of Healing |
| 49:34 | Potion of Healing |
| 49:38 | Healing Salve |
| Right click | 1939 |
| Misc. action | 295 |
| Select | 265 |
| Select group | 261 |
| Chat | 255 |
| Build/train/purchase | 159 |
| Resource trade | 122 |
| Use ability | 33 |
| Assign group | 12 |
| Item give/drop | 10 |
| Esc | 10 |
| Remove unit | 1 |
| Minimap ping | 1 |



| Peasant | 19 | 1425 | / | 0 |
| Footman | 3 | 405 | / | 0 |
| Mortar Team | 1 | 180 | / | 70 |
| Flying Machine | 29 | 2900 | / | 870 |
| total: | 52 | 4910g | / | 940w |
| Scout Tower | 18 | 540 | / | 360 |
| Arcane Tower | 2 | 140 | / | 100 |
| Guard Tower | 10 | 700 | / | 500 |
| Altar of Kings | 2 | 360 | / | 100 |
| Barracks | 1 | 160 | / | 60 |
| Farm | 18 | 1440 | / | 360 |
| Lumber Mill | 2 | 240 | / | 0 |
| Town Hall | 2 | 770 | / | 410 |
| Blacksmith | 2 | 280 | / | 120 |
| Workshop | 5 | 700 | / | 700 |
| Keep | 1 | 320 | / | 210 |
| Castle | 1 | 360 | / | 210 |
| total: | 50 | 4490g | / | 2110w |
| 0:02 | Peasant |
| 0:05 | Altar of Kings |
| 0:06 | Peasant |
| 0:18 | Barracks |
| 0:19 | Peasant |
| 0:30 | Farm |
| 0:33 | Farm |
| 0:40 | Peasant |
| 0:57 | Peasant |
| 1:12 | Peasant |
| 1:21 | Footman |
| 1:31 | Farm |
| 1:33 | Peasant |
| 1:46 | Footman |
| 1:52 | Peasant |
| 2:07 | Scout Tower |
| 2:09 | Peasant |
| 2:13 | Storm Bolt |
| 2:48 | Arcane Tower |
| 2:49 | Peasant |
| 2:49 | Peasant |
| 2:51 | Lumber Mill |
| 3:00 | Scout Tower |
| 3:31 | Arcane Tower |
| 3:51 | Town Hall |
| 3:57 | Peasant |
| 3:59 | Improved Lumber Harvesting |
| 4:03 | Scout Tower |
| 4:04 | Scout Tower |
| 4:10 | Improved Masonry |
| 4:12 | Peasant |
| 4:14 | Bash |
| 4:30 | Guard Tower |
| 4:39 | Scout Tower |
| 4:42 | Footman |
| 4:48 | Peasant |
| 5:15 | Keep |
| 5:18 | Guard Tower |
| 5:39 | Blacksmith |
| 5:42 | Peasant |
| 5:42 | Peasant |
| 5:44 | Guard Tower |
| 5:58 | Blacksmith |
| 6:08 | Scout Tower |
| 6:12 | Scout Tower |
| 6:13 | Scout Tower |
| 6:14 | Scout Tower |
| 6:14 | Scout Tower |
| 6:20 | Peasant |
| 6:40 | Guard Tower |
| 6:46 | Guard Tower |
| 7:01 | Guard Tower |
| 7:03 | Scout Tower |
| 7:05 | Scout Tower |
| 7:06 | Scout Tower |
| 7:27 | Guard Tower |
| 7:28 | Guard Tower |
| 7:31 | Black Gunpowder |
| 7:41 | Castle |
| 7:47 | Advanced Lumber Harvesting |
| 7:48 | Advanced Masonry |
| 7:59 | Peasant |
| 7:59 | Peasant |
| 8:10 | Workshop |
| 8:12 | Workshop |
| 8:19 | Workshop |
| 8:21 | Workshop |
| 8:28 | Workshop |
| 8:32 | Guard Tower |
| 8:34 | Refined Gunpowder |
| 8:41 | Holy Light |
| 9:07 | Storm Bolt |
| 9:42 | Flak Cannons |
| 9:42 | Flare |
| 9:43 | Mortar Team |
| 10:12 | Flying Machine Bombs |
| 10:12 | Fragmentation Shards |
| 10:16 | Scout Tower |
| 10:18 | Scout Tower |
| 10:27 | Farm |
| 10:32 | Farm |
| 10:34 | Farm |
| 10:35 | Farm |
| 12:19 | Town Hall |
| 12:25 | Scout Tower |
| 12:26 | Scout Tower |
| 12:27 | Scout Tower |
| 12:38 | Farm |
| 12:39 | Imbued Gunpowder |
| 12:41 | Farm |
| 12:42 | Farm |
| 12:49 | Flying Machine |
| 12:49 | Flying Machine |
| 12:49 | Flying Machine |
| 12:49 | Flying Machine |
| 13:01 | Guard Tower |
| 13:46 | Farm |
| 13:48 | Farm |
| 13:57 | Farm |
| 14:02 | Altar of Kings |
| 14:15 | Flying Machine |
| 14:16 | Flying Machine |
| 14:16 | Flying Machine |
| 14:16 | Flying Machine |
| 14:16 | Flying Machine |
| 14:35 | Iron Plating |
| 15:03 | Flying Machine |
| 15:04 | Flying Machine |
| 15:12 | Farm |
| 15:13 | Farm |
| 16:07 | Lumber Mill |
| 16:18 | Farm |
| 16:20 | Farm |
| 16:21 | Farm |
| 17:17 | Flying Machine |
| 17:19 | Flying Machine |
| 17:32 | Flying Machine |
| 17:32 | Flying Machine |
| 18:08 | Divine Shield |
| 20:30 | Divine Shield |
| 23:07 | Steel Plating |
| 23:49 | Flying Machine |
| 23:50 | Flying Machine |
| 23:51 | Flying Machine |
| 24:04 | Brilliance Aura |
| 30:19 | Flying Machine |
| 30:19 | Flying Machine |
| 30:19 | Flying Machine |
| 30:19 | Flying Machine |
| 30:20 | Flying Machine |
| 30:20 | Flying Machine |
| 30:20 | Flying Machine |
| 30:22 | Mithril Plating |
| 30:24 | Studded Leather Armor |
| 33:39 | Bash |
| 33:49 | Blizzard |
| 36:22 | Divine Shield |
| 38:29 | Flying Machine |
| 38:29 | Flying Machine |
| 38:30 | Flying Machine |
| 38:30 | Flying Machine |
| 42:15 | Storm Bolt |
| 44:34 | Holy Light |
| 46:36 | Blizzard |
| 48:25 | Avatar |
| Right click | 1889 |
| Select group | 1241 |
| Select | 550 |
| Misc. action | 214 |
| Use ability | 169 |
| Build/train/purchase | 107 |
| Chat | 44 |
| Resource trade | 25 |
| Assign group | 21 |
| Minimap ping | 6 |
| Esc | 2 |
| Remove unit | 1 |
184 units @ 27.1k
/ 4.6k
148 buildings @ 19.9k
/ 8.8k
WarPeople
(2)
(46:31) : 


| Lesser Clarity Potion | 3 | 210 |
| Scroll of Regeneration | 5 | 500 |
| Potion of Mana | 2 | 400 |
| Potion of Healing | 5 | 750 |
| Scroll of Town Portal | 6 | 2100 |
| total: | 21 | 3960g |
| Peasant | 28 | 2100 | / | 0 |
| Footman | 6 | 810 | / | 0 |
| Mortar Team | 6 | 1080 | / | 420 |
| Knight | 8 | 1960 | / | 480 |
| Siege Engine | 8 | 1560 | / | 480 |
| total: | 56 | 7510g | / | 1380w |
| Scout Tower | 32 | 960 | / | 640 |
| Arcane Tower | 1 | 70 | / | 50 |
| Guard Tower | 11 | 770 | / | 550 |
| Barracks | 2 | 320 | / | 120 |
| Farm | 12 | 960 | / | 240 |
| Lumber Mill | 1 | 120 | / | 0 |
| Altar of Kings | 3 | 540 | / | 150 |
| Arcane Vault | 1 | 130 | / | 30 |
| Blacksmith | 2 | 280 | / | 120 |
| Town Hall | 4 | 1540 | / | 820 |
| Workshop | 1 | 140 | / | 140 |
| Keep | 1 | 320 | / | 210 |
| Castle | 1 | 360 | / | 210 |
| total: | 58 | 4990g | / | 2260w |
| 0:09 | Peasant |
| 0:09 | Peasant |
| 0:14 | Barracks |
| 0:18 | Peasant |
| 0:26 | Peasant |
| 0:32 | Farm |
| 0:43 | Peasant |
| 0:58 | Lumber Mill |
| 1:09 | Farm |
| 1:15 | Footman |
| 1:15 | Footman |
| 1:21 | Peasant |
| 1:42 | Farm |
| 1:47 | Peasant |
| 1:49 | Footman |
| 2:09 | Peasant |
| 2:11 | Footman |
| 2:34 | Altar of Kings |
| 2:42 | Footman |
| 3:02 | Altar of Kings |
| 3:19 | Farm |
| 3:25 | Defend |
| 3:43 | Arcane Vault |
| 3:58 | Footman |
| 4:03 | Farm |
| 4:10 | Peasant |
| 4:20 | Summon Bear |
| 5:06 | Keep |
| 5:35 | Blacksmith |
| 6:03 | Blacksmith |
| 6:20 | Lesser Clarity Potion |
| 6:21 | Scroll of Regeneration |
| 6:34 | Town Hall |
| 7:07 | Scout Tower |
| 7:08 | Scout Tower |
| 7:09 | Scout Tower |
| 7:20 | Summon Quilbeast |
| 7:55 | Castle |
| 8:02 | Workshop |
| 8:04 | Improved Lumber Harvesting |
| 8:05 | Improved Masonry |
| 8:15 | Scout Tower |
| 8:28 | Scroll of Regeneration |
| 8:32 | Lesser Clarity Potion |
| 9:03 | Summon Water Elemental |
| 9:12 | Peasant |
| 9:17 | Scout Tower |
| 9:19 | Farm |
| 9:20 | Mortar Team |
| 9:27 | Advanced Lumber Harvesting |
| 9:57 | Summon Bear |
| 10:04 | Scroll of Regeneration |
| 10:05 | Potion of Mana |
| 10:09 | Potion of Healing |
| 10:11 | Potion of Healing |
| 10:15 | Scroll of Town Portal |
| 10:16 | Mortar Team |
| 10:25 | Knight |
| 10:33 | Farm |
| 10:40 | Barracks |
| 11:24 | Farm |
| 11:30 | Knight |
| 11:38 | Siege Engine |
| 11:38 | Barrage |
| 12:16 | Brilliance Aura |
| 13:01 | Holy Light |
| 14:22 | Scout Tower |
| 14:23 | Scout Tower |
| 14:25 | Scout Tower |
| 14:57 | Peasant |
| 14:58 | Peasant |
| 15:03 | Knight |
| 15:04 | Animal War Training |
| 15:05 | Knight |
| 15:15 | Peasant |
| 15:16 | Peasant |
| 15:16 | Peasant |
| 16:24 | Peasant |
| 16:29 | Arcane Tower |
| 16:55 | Summon Quilbeast |
| 17:49 | Farm |
| 18:33 | Flare |
| 18:38 | Fragmentation Shards |
| 18:38 | Mortar Team |
| 18:39 | Siege Engine |
| 18:41 | Mortar Team |
| 18:41 | Siege Engine |
| 18:43 | Knight |
| 18:44 | Knight |
| 18:49 | Farm |
| 19:30 | Guard Tower |
| 19:49 | Divine Shield |
| 21:49 | Summon Water Elemental |
| 23:42 | Scout Tower |
| 23:44 | Scout Tower |
| 23:51 | Town Hall |
| 24:26 | Scout Tower |
| 24:28 | Guard Tower |
| 24:32 | Scout Tower |
| 25:48 | Town Hall |
| 26:30 | Guard Tower |
| 26:44 | Scout Tower |
| 26:49 | Scout Tower |
| 26:51 | Guard Tower |
| 26:58 | Mortar Team |
| 28:24 | Scroll of Town Portal |
| 28:33 | Guard Tower |
| 28:54 | Peasant |
| 28:54 | Peasant |
| 28:56 | Peasant |
| 28:56 | Peasant |
| 30:00 | Scout Tower |
| 30:01 | Scout Tower |
| 30:02 | Scout Tower |
| 30:02 | Scout Tower |
| 30:04 | Scout Tower |
| 30:11 | Scout Tower |
| 31:31 | Holy Light |
| 31:47 | Guard Tower |
| 32:14 | Peasant |
| 32:14 | Peasant |
| 32:30 | Peasant |
| 32:31 | Peasant |
| 32:31 | Peasant |
| 32:31 | Peasant |
| 32:32 | Peasant |
| 34:24 | Siege Engine |
| 34:24 | Siege Engine |
| 34:24 | Siege Engine |
| 34:40 | Scout Tower |
| 34:40 | Scout Tower |
| 34:41 | Scout Tower |
| 34:42 | Scout Tower |
| 34:47 | Town Hall |
| 35:00 | Scroll of Town Portal |
| 35:01 | Scroll of Town Portal |
| 35:01 | Potion of Healing |
| 35:39 | Summon Bear |
| 36:01 | Scout Tower |
| 36:10 | Scout Tower |
| 36:12 | Scout Tower |
| 36:13 | Guard Tower |
| 36:41 | Guard Tower |
| 36:47 | Scout Tower |
| 36:48 | Scout Tower |
| 36:49 | Scout Tower |
| 37:04 | Advanced Masonry |
| 37:23 | Guard Tower |
| 37:25 | Scout Tower |
| 37:30 | Scout Tower |
| 37:41 | Siege Engine |
| 37:42 | Mortar Team |
| 38:02 | Guard Tower |
| 38:11 | Peasant |
| 38:51 | Guard Tower |
| 39:03 | Scroll of Town Portal |
| 39:04 | Potion of Healing |
| 39:08 | Scroll of Regeneration |
| 39:30 | Brilliance Aura |
| 41:16 | Siege Engine |
| 41:18 | Knight |
| 41:21 | Knight |
| 41:25 | Scroll of Regeneration |
| 41:25 | Lesser Clarity Potion |
| 41:37 | Potion of Healing |
| 41:37 | Potion of Mana |
| 41:38 | Scroll of Town Portal |
| 44:36 | Altar of Kings |
| 45:51 | Farm |
| 46:12 | Farm |
| Right click | 1031 |
| Select | 599 |
| Select group | 197 |
| Build/train/purchase | 189 |
| Chat | 42 |
| Use ability | 34 |
| Resource trade | 20 |
| Minimap ping | 13 |
| Assign group | 12 |
| Misc. action | 2 |
| Remove unit | 2 |


| Healing Salve | 3 | 300 |
| Lesser Clarity Potion | 4 | 280 |
| Potion of Healing | 2 | 300 |
| Scroll of Speed | 1 | 50 |
| Orb of Lightning | 1 | 375 |
| Scroll of Town Portal | 1 | 350 |
| total: | 12 | 1655g |
| Peon | 28 | 2100 | / | 0 |
| Raider | 7 | 1260 | / | 280 |
| Shaman | 6 | 780 | / | 120 |
| Troll Witch Doctor | 5 | 725 | / | 125 |
| Demolisher | 3 | 660 | / | 150 |
| Kodo Beast | 1 | 255 | / | 60 |
| Troll Headhunter | 7 | 980 | / | 140 |
| Troll Berserker | 3 | 420 | / | 60 |
| total: | 60 | 7180g | / | 935w |
| Watch Tower | 24 | 2640 | / | 1920 |
| Altar of Storms | 2 | 360 | / | 100 |
| Orc Burrow | 9 | 1440 | / | 360 |
| Voodoo Lounge | 3 | 390 | / | 90 |
| Barracks | 4 | 720 | / | 200 |
| War Mill | 2 | 410 | / | 0 |
| Great Hall | 7 | 2695 | / | 1295 |
| Beastiary | 2 | 290 | / | 280 |
| Spirit Lodge | 1 | 150 | / | 150 |
| Tauren Totem | 1 | 135 | / | 155 |
| Stronghold | 2 | 630 | / | 380 |
| Fortress | 2 | 650 | / | 380 |
| total: | 55 | 9230g | / | 4550w |
| 0:06 | Peon |
| 0:06 | Peon |
| 0:12 | Altar of Storms |
| 0:16 | Orc Burrow |
| 0:27 | Peon |
| 0:46 | Peon |
| 0:46 | Peon |
| 0:59 | Voodoo Lounge |
| 1:27 | Peon |
| 1:51 | Peon |
| 2:07 | Stronghold |
| 2:17 | Healing Salve |
| 2:19 | Lesser Clarity Potion |
| 2:19 | Lesser Clarity Potion |
| 2:23 | Wind Walk |
| 2:34 | Orc Burrow |
| 3:08 | Orc Burrow |
| 4:39 | Beastiary |
| 4:43 | Beastiary |
| 4:50 | Pillage |
| 4:50 | Peon |
| 6:02 | Critical Strike |
| 6:09 | Raider |
| 6:10 | Raider |
| 6:31 | Orc Burrow |
| 6:35 | Raider |
| 6:44 | Ensnare |
| 6:55 | Spirit Lodge |
| 7:20 | Raider |
| 7:35 | Peon |
| 7:41 | Raider |
| 7:46 | Raider |
| 8:49 | Fortress |
| 10:27 | Shaman Adept Training |
| 10:27 | Witch Doctor Adept Training |
| 11:00 | Barracks |
| 11:01 | Barracks |
| 11:03 | Barracks |
| 12:43 | War Mill |
| 12:46 | Orc Burrow |
| 13:02 | Critical Strike |
| 13:25 | Raider |
| 13:27 | Shaman Master Training |
| 13:28 | Witch Doctor Master Training |
| 13:29 | Shaman |
| 13:29 | Shaman |
| 13:30 | Troll Witch Doctor |
| 13:31 | Troll Witch Doctor |
| 14:21 | Healing Salve |
| 14:21 | Lesser Clarity Potion |
| 14:22 | Potion of Healing |
| 14:25 | Healing Wave |
| 14:27 | Demolisher |
| 14:27 | Demolisher |
| 14:27 | Burning Oil |
| 15:03 | War Drums Damage Increase |
| 15:04 | Kodo Beast |
| 15:11 | Orc Burrow |
| 15:14 | Orc Burrow |
| 15:22 | Steel Armor |
| 17:05 | Demolisher |
| 17:14 | Tauren Totem |
| 20:20 | Great Hall |
| 20:30 | Watch Tower |
| 20:32 | Watch Tower |
| 20:34 | Watch Tower |
| 20:35 | Watch Tower |
| 20:36 | Watch Tower |
| 21:03 | Great Hall |
| 23:43 | Peon |
| 23:43 | Peon |
| 24:00 | Peon |
| 24:00 | Peon |
| 26:45 | Watch Tower |
| 26:47 | Watch Tower |
| 26:53 | Troll Headhunter |
| 26:53 | Troll Headhunter |
| 26:58 | Stronghold |
| 27:04 | Voodoo Lounge |
| 27:15 | Shaman |
| 27:15 | Shaman |
| 27:31 | Orc Burrow |
| 27:33 | Orc Burrow |
| 28:14 | Scroll of Town Portal |
| 28:27 | Healing Salve |
| 28:27 | Lesser Clarity Potion |
| 28:30 | Scroll of Speed |
| 28:58 | Great Hall |
| 30:10 | Troll Witch Doctor |
| 30:10 | Troll Witch Doctor |
| 30:14 | Reinforced Defenses |
| 30:16 | Fortress |
| 34:20 | Serpent Ward |
| 34:31 | Berserker Upgrade |
| 34:32 | Troll Regeneration |
| 36:05 | Great Hall |
| 36:08 | Great Hall |
| 36:20 | Peon |
| 36:20 | Peon |
| 36:20 | Peon |
| 36:20 | Peon |
| 36:21 | Peon |
| 36:36 | Great Hall |
| 36:59 | Great Hall |
| 37:09 | Watch Tower |
| 37:10 | Watch Tower |
| 37:11 | Watch Tower |
| 37:12 | Watch Tower |
| 37:13 | Watch Tower |
| 37:20 | Peon |
| 37:20 | Peon |
| 37:20 | Peon |
| 38:20 | Peon |
| 38:20 | Peon |
| 39:46 | Peon |
| 39:46 | Peon |
| 39:46 | Peon |
| 39:50 | Peon |
| 40:12 | Altar of Storms |
| 40:43 | Peon |
| 40:54 | Troll Headhunter |
| 40:54 | Troll Headhunter |
| 41:03 | Shaman |
| 41:14 | Voodoo Lounge |
| 41:47 | Shaman |
| 41:50 | Troll Headhunter |
| 41:50 | Troll Headhunter |
| 41:50 | Troll Headhunter |
| 42:47 | Watch Tower |
| 42:49 | Watch Tower |
| 43:03 | Potion of Healing |
| 43:04 | Orb of Lightning |
| 43:19 | Troll Witch Doctor |
| 43:49 | Watch Tower |
| 44:01 | Watch Tower |
| 44:27 | Watch Tower |
| 44:30 | Watch Tower |
| 44:34 | Watch Tower |
| 44:35 | Troll Berserker |
| 44:35 | Troll Berserker |
| 44:35 | Troll Berserker |
| 44:38 | Watch Tower |
| 44:41 | Watch Tower |
| 44:45 | Watch Tower |
| 44:48 | Watch Tower |
| 44:52 | Watch Tower |
| 46:04 | Barracks |
| 46:08 | War Mill |
| Right click | 1219 |
| Select | 493 |
| Build/train/purchase | 144 |
| Use ability | 81 |
| Minimap ping | 70 |
| Select group | 9 |
| Assign group | 6 |
| Resource trade | 5 |
| Remove unit | 2 |


| Orb of Corruption | 1 | 375 |
| Potion of Healing | 4 | 600 |
| Scroll of Town Portal | 6 | 2100 |
| Scroll of Regeneration | 1 | 100 |
| Orb of Fire | 1 | 325 |
| total: | 13 | 3500g |
| Acolyte | 16 | 1200 | / | 0 |
| Ghoul | 4 | 480 | / | 0 |
| Crypt Fiend | 18 | 3870 | / | 720 |
| Gargoyle | 16 | 2800 | / | 480 |
| Obsidian Statue | 7 | 1400 | / | 245 |
| Frost Wyrm | 7 | 2695 | / | 840 |
| total: | 68 | 12445g | / | 2285w |
| Spirit Tower | 7 | 1015 | / | 280 |
| Nerubian Tower | 5 | 500 | / | 100 |
| Crypt | 2 | 400 | / | 100 |
| Ziggurat | 17 | 2550 | / | 850 |
| Altar of Darkness | 1 | 180 | / | 50 |
| Graveyard | 2 | 430 | / | 0 |
| Tomb of Relics | 4 | 520 | / | 120 |
| Necropolis | 4 | 900 | / | 0 |
| Slaughterhouse | 1 | 140 | / | 135 |
| Sacrificial Pit | 1 | 75 | / | 150 |
| Boneyard | 3 | 525 | / | 600 |
| Halls of the Dead | 3 | 960 | / | 630 |
| Black Citadel | 3 | 975 | / | 690 |
| total: | 35 | 5720g | / | 2005w |
| 0:03 | Acolyte |
| 0:03 | Acolyte |
| 0:15 | Crypt |
| 0:16 | Crypt |
| 0:39 | Ziggurat |
| 1:01 | Altar of Darkness |
| 1:20 | Ghoul |
| 1:30 | Ghoul |
| 1:32 | Ghoul |
| 1:58 | Graveyard |
| 2:30 | Halls of the Dead |
| 2:51 | Ziggurat |
| 3:05 | Death Coil |
| 3:48 | Crypt Fiend |
| 4:00 | Tomb of Relics |
| 4:04 | Ziggurat |
| 4:54 | Gargoyle |
| 5:00 | Slaughterhouse |
| 5:18 | Web |
| 5:36 | Crypt Fiend |
| 5:40 | Gargoyle |
| 5:52 | Scroll of Regeneration |
| 6:11 | Obsidian Statue |
| 6:28 | Ziggurat |
| 6:58 | Unholy Aura |
| 7:37 | Crypt Fiend |
| 7:40 | Gargoyle |
| 8:01 | Unholy Aura |
| 8:21 | Frost Armor |
| 8:28 | Obsidian Statue |
| 9:02 | Creature Carapace |
| 9:05 | Black Citadel |
| 9:23 | Graveyard |
| 10:34 | Improved Creature Carapace |
| 10:53 | Creature Attack |
| 11:02 | Frost Nova |
| 11:30 | Acolyte |
| 12:01 | Necropolis |
| 12:07 | Advanced Creature Carapace |
| 12:08 | Improved Creature Attack |
| 13:08 | Spirit Tower |
| 13:10 | Spirit Tower |
| 13:44 | Ghoul |
| 13:46 | Acolyte |
| 13:47 | Acolyte |
| 13:47 | Acolyte |
| 13:47 | Acolyte |
| 13:51 | Tomb of Relics |
| 13:58 | Ziggurat |
| 13:59 | Ziggurat |
| 13:59 | Ziggurat |
| 14:16 | Gargoyle |
| 14:30 | Gargoyle |
| 14:59 | Orb of Corruption |
| 15:19 | Advanced Creature Attack |
| 15:40 | Nerubian Tower |
| 15:42 | Spirit Tower |
| 15:45 | Spirit Tower |
| 15:58 | Death Coil |
| 16:01 | Frost Armor |
| 16:38 | Crypt Fiend |
| 16:40 | Gargoyle |
| 16:42 | Burrow |
| 16:43 | Stone Form |
| 17:01 | Crypt Fiend |
| 17:03 | Gargoyle |
| 17:57 | Crypt Fiend |
| 17:58 | Gargoyle |
| 18:21 | Sacrificial Pit |
| 19:11 | Frost Nova |
| 19:23 | Gargoyle |
| 19:23 | Gargoyle |
| 19:23 | Gargoyle |
| 19:24 | Gargoyle |
| 19:24 | Gargoyle |
| 19:24 | Gargoyle |
| 19:24 | Gargoyle |
| 19:34 | Scroll of Town Portal |
| 19:35 | Orb of Fire |
| 19:37 | Scroll of Town Portal |
| 20:29 | Crypt Fiend |
| 20:38 | Acolyte |
| 21:59 | Halls of the Dead |
| 22:09 | Necropolis |
| 22:14 | Ziggurat |
| 22:17 | Ziggurat |
| 23:09 | Scroll of Town Portal |
| 23:13 | Potion of Healing |
| 23:19 | Crypt Fiend |
| 23:28 | Crypt Fiend |
| 23:37 | Spirit Tower |
| 23:38 | Nerubian Tower |
| 23:43 | Halls of the Dead |
| 24:23 | Crypt Fiend |
| 24:39 | Necropolis |
| 25:01 | Crypt Fiend |
| 25:43 | Crypt Fiend |
| 26:09 | Black Citadel |
| 26:11 | Black Citadel |
| 26:18 | Acolyte |
| 26:39 | Potion of Healing |
| 26:40 | Scroll of Town Portal |
| 26:53 | Tomb of Relics |
| 26:56 | Ziggurat |
| 26:56 | Ziggurat |
| 27:56 | Unholy Aura |
| 28:12 | Crypt Fiend |
| 28:42 | Scroll of Town Portal |
| 28:49 | Spirit Tower |
| 28:50 | Nerubian Tower |
| 29:22 | Boneyard |
| 29:23 | Boneyard |
| 29:30 | Acolyte |
| 29:47 | Obsidian Statue |
| 30:12 | Acolyte |
| 30:22 | Ziggurat |
| 30:48 | Acolyte |
| 30:48 | Acolyte |
| 31:12 | Acolyte |
| 31:16 | Ziggurat |
| 31:19 | Freezing Breath |
| 31:35 | Acolyte |
| 32:23 | Frost Wyrm |
| 33:11 | Frost Wyrm |
| 33:36 | Obsidian Statue |
| 33:47 | Boneyard |
| 34:10 | Potion of Healing |
| 34:36 | Frost Wyrm |
| 34:51 | Spirit Tower |
| 34:53 | Acolyte |
| 35:31 | Crypt Fiend |
| 36:17 | Necropolis |
| 36:42 | Frost Wyrm |
| 37:35 | Frost Wyrm |
| 38:04 | Tomb of Relics |
| 39:15 | Crypt Fiend |
| 39:36 | Frost Wyrm |
| 39:41 | Obsidian Statue |
| 39:47 | Obsidian Statue |
| 39:59 | Gargoyle |
| 40:21 | Ziggurat |
| 40:22 | Ziggurat |
| 40:25 | Ziggurat |
| 40:33 | Scroll of Town Portal |
| 40:34 | Potion of Healing |
| 40:52 | Ziggurat |
| 41:24 | Nerubian Tower |
| 41:27 | Nerubian Tower |
| 42:00 | Frost Wyrm |
| 43:31 | Crypt Fiend |
| 44:37 | Obsidian Statue |
| 44:39 | Crypt Fiend |
| 45:04 | Crypt Fiend |
| Right click | 1176 |
| Select | 681 |
| Chat | 208 |
| Build/train/purchase | 135 |
| Use ability | 62 |
| Remove unit | 16 |
| Item give/drop | 5 |
| Minimap ping | 3 |
| Misc. action | 1 |